 Dungeon Crawl Stone Soup version 0.29.1-15-g9cfb28693d (webtiles) character file.

Game seed: 10819019981808204999

524 Hugehornet the Cudgeller (level 7, -1/41 HPs)
             Began as a Gargoyle Fighter on Mar 23, 2023.
             Killed from afar by an orc wizard (14 damage)
             ... with a puff of flame
             ... on level 4 of the Dungeon.
             The game lasted 00:07:29 (3444 turns).

Hugehornet the Cudgeller (Gargoyle Fighter)         Turns: 3444, Time: 00:07:30

Health: -1/41      AC:  6    Str: 19    XL:     7   Next: 22%
Magic:  7/7        EV:  9    Int: 11    God:
Gold:   90         SH:  4    Dex:  9    Spells: 6/6 levels left

rFire   . . .      SeeInvis .   a - +0 flail
rCold   . . .      Faith    .   c - +0 buckler
rNeg    + . .      Spirit   .   w - +2 scale mail {Will+}
rPois   ∞          Reflect  .   (no helmet)
rElec   +          Harm     .   n - +0 cloak
rCorr   .          Rampage  .   (no gloves)
Will    +....                   (no boots)
Stlth   ..........              (no amulet)
HPRegen 0.13/turn               (no ring)
MPRegen 0.10/turn               (no ring)

@: corroded
A: sickness immunity, AC +4, negative energy resistance 1, electricity
resistance, torment resistance 1, petrification resistance
a: no special abilities


You were on level 4 of the Dungeon.
You visited 1 branch of the dungeon, and saw 4 of its levels.

You collected 138 gold pieces.
You spent 48 gold pieces at shops.

Inventory:

Hand Weapons
 a - a +0 flail (weapon)
Armour
 c - a +0 buckler (worn)
 n - a +0 cloak (worn)
 v - a +0 chain mail
 w - a +2 scale mail of willpower (worn)
Jewellery
 r - an amulet of magic regeneration
Wands
 u - a wand of flame (27)
Scrolls
 e - 7 scrolls of identify {unknown}
 g - a scroll of blinking {unknown}
 i - a scroll of silence {unknown}
 j - a scroll of teleportation {unknown}
 l - 2 scrolls of magic mapping {unknown}
 o - a scroll of enchant weapon {unknown}
 p - a scroll of fear {unknown}
 q - 2 scrolls of summoning {unknown}
 t - a scroll of enchant armour {unknown}
Potions
 d - a potion of might
 f - a potion of resistance {unknown}
 h - 2 potions of curing
 k - a potion of lignification {unknown}
 m - a potion of heal wounds {unknown}
 s - a potion of berserk rage {unknown}


   Skills:
 - Level 3.2 Fighting
 + Level 7.7 Maces & Flails
 - Level 3.2 Armour
 - Level 3.2 Shields


You had 6 spell levels left.
You didn't know any spells.
Your spell library contained the following spells:

 Spells                   Type           Power      Damage    Failure   Level
 Static Discharge         Conj/Air       0%         3-3/arc   91%         2
 Lightning Bolt           Conj/Air       0%         1d11      100%        5
 Maxwell's Capacitive Co  Air            0%         ∞         100%        8


Dungeon Overview and Level Annotations

Branches:
Dungeon (4/15)
 Temple: D:4-7

Altars:
Vehumet

Shops:
D:1 !   D:3 =

Annotations:
D:3 exclusion: statue


Innate Abilities, Weirdness & Mutations

You are immune to sickness and miasma.
Your stone body is resilient. (AC +4)
You are immune to poison.
You resist negative energy. (rN+)
You are resistant to electric shocks. (rElec)
You are resistant to unholy torment.
You are immune to petrification.


Message History

The orc moves out of view.
There are monsters nearby!
The orc shouts!
An orc wizard comes into view. It is wielding a +0 dagger.
Found a stone staircase leading up.
A jelly comes into view.
The jelly quivers.
You barely miss the jelly. The jelly hits you but does no damage.
You sock the jelly! The acid corrodes you!
Your hands burn!
The jelly is moderately wounded.
The jelly closely misses you.
You thump the jelly! The acid corrodes you!
Your hands burn!
The jelly is almost dead.
The jelly hits you.
You are splashed with acid!
You hit the jelly.
Your hands burn!
The jelly is almost dead.
The jelly hits you.
You are splashed with acid.
You block the orc wizard's attack. You block the orc wizard's attack.
You hit the jelly.
You kill the jelly!
You sock the orc!
You kill the orc!
The orc wizard gestures wildly while chanting.
The orc wizard flickers and vanishes!
Deactivating autopickup; reactivate with Ctrl-A.
You hit the orc.
The orc is heavily wounded.
The orc hits you but does no damage.
You hit the orc.
You kill the orc!
The orc priest calls down the wrath of Beogh upon you.
Beogh smites you!
* * * LOW HITPOINT WARNING * * *
You feel better. Something hits you. You block something's attack.
You hear some strange, mumbled words.
A puff of flame appears from out of thin air!
The puff of flame hits you!
You die... #..<..## ..# #......##..# #.. #o........# #.~.. #.#....... #.... #)#.##..## #### . #..o #.#.##..# ##..# .. #oo

##.o...# #####.<)####
...#######..#{.### #..#..)...##
...........##..@.###..........#
..........####.................#
....#..#####...#.........#..###
......#..#......#.#....#####.#
....#.............#...## ## ...
#..........#..##.## ..
#.........##....##
#................#
.................##


You could see an orc priest.

Vanquished Creatures
  Sigmund (D:2)
  A necrophage (D:3)
  A scorpion (D:3)
  A jelly (D:4)
  Crazy Yiuf (D:3)
  2 orc priests (D:3)
  An orc wizard (D:3)
  4 adders
  A worm (D:2)
  8 orcs
  5 ball pythons
  6 endoplasms
  4 giant cockroaches
  3 goblins
  A hobgoblin (D:2)
  4 jackals (D:1)
  3 kobolds
  A quokka (D:1)
  6 bats
  4 frilled lizards
  10 rats
68 creatures vanquished.

Notes
Turn   | Place    | Note
-------+----------+-------------------------------------------
     0 | D:1      | Hugehornet the Gargoyle Fighter began the quest for the
                  | Orb.
     0 | D:1      | Reached XP level 1. HP: 14/14 MP: 1/1
   272 | D:1      | You fall into a shaft and drop 1 floor!
   352 | D:2      | Reached skill level 3 in Maces & Flails
   352 | D:2      | Reached XP level 2. HP: 12/19 MP: 2/2
   367 | D:2      | Reached XP level 3. HP: 13/23 MP: 3/3
   684 | D:1      | Found a faded altar of an unknown god.
  1043 | D:1      | Found Qunlus's Distillery.
  1047 | D:1      | Bought a potion of curing for 36 gold pieces
  1047 | D:1      | Bought a potion of degeneration for 12 gold pieces
  1492 | D:2      | Reached skill level 4 in Maces & Flails
  1511 | D:2      | Noticed Sigmund
  1530 | D:2      | Killed Sigmund
  1531 | D:2      | Reached skill level 5 in Maces & Flails
  1531 | D:2      | Reached XP level 4. HP: 24/28 MP: 4/4
  1531 | D:2      | Reached XP level 5. HP: 28/32 MP: 5/5
  1662 | D:2      | Reached skill level 6 in Maces & Flails
  2044 | D:3      | Reached XP level 6. HP: 35/37 MP: 6/6
  2086 | D:3      | Found Vuogo's Jewellery Emporium.
  2546 | D:3      | Reached skill level 7 in Maces & Flails
  2709 | D:3      | Found a radiant altar of Vehumet.
  2933 | D:3      | Found a runed translucent door.
  2934 | D:3      | Noticed Crazy Yiuf
  3020 | D:3      | Killed Crazy Yiuf
  3193 | D:3      | Reached XP level 7. HP: 38/41 MP: 7/7
  3444 | D:4      | Killed from afar by an orc wizard

Illustrated notes

Levels and vault maps discovered:
D:1:      dpeg_arrival_prison, layout_loops_ring, serial_shops, shop,
          shapermc_ecumenical_altar_pompeii
D:2:      layout_loops_ring, minmay_3d_cube, uniq_sigmund
D:3:      layout_loops_ring, vehumet_statue, serial_shops, shop,
          uniq_crazy_yiuf_cottage
D:4:      cheibrodos_pilgrimage, layout_cave_pools,
          hangedman_decor_clover_reticule

Skill      XL: |  1  2  3  4  5  6 |
---------------+-------------------+-----
Maces & Flails | 3 5 6 7 |  7.7
Fighting       | |  3.2
Armour         | |  3.2
Shields        | |  3.2

Action                   |  1- 3 |  4- 6 |  7- 9 || total
-------------------------+-------+-------+-------++-------
Melee: Flail             |   137 |   114 |    17 ||   268
  Use: Potion            |       |       |     1 ||     1
Armor: Scale mail        |    67 |    65 |     7 ||   139
Dodge: Dodged            |    72 |    39 |     3 ||   114
Block: Buckler           |    34 |    16 |     5 ||    55
